 Dungeon Crawl Stone Soup version 0.30-b1-2-g02819fbbbe (webtiles) character file.

Game seed: 9921904402624217878

145 Metae the Trooper (level 5, -10/47 HPs)
             Began as a Minotaur Fighter on July 3, 2023.
             Killed by divine providence
             ... invoked by an orc priest
              (15 damage)
             ... on level 3 of the Dungeon.
             The game lasted 00:03:02 (1962 turns).

Metae the Trooper (Minotaur Fighter)                Turns: 1962, Time: 00:03:03

Health: -10/47     AC: 12    Str: 23    XL:     5   Next: 6%
Magic:  4/4        EV: 10    Int:  5    God:
Gold:   66         SH:  4    Dex:  9    Spells: 4/4 levels left

rFire   . . .        m - +2 short sword (holy)
rCold   . . .        c - +0 buckler
rNeg    . . .        b - +0 scale mail
rPois   .            (helmet restricted)
rElec   .            (no cloak)
rCorr   .            (no gloves)
SInv    .            j - +0 pair of boots
Will    .....        (no amulet) Stlth
                     k - +4 ring of protection
HPRegen 0.27/turn    (no ring)
MPRegen 0.09/turn

%: no passive effects
@: no status effects
A: horns 2, retaliatory headbutt
a: no special abilities


You were on level 3 of the Dungeon.
You visited 1 branch of the dungeon, and saw 3 of its levels.

You collected 66 gold pieces.

Inventory:

Hand Weapons
 a - a +0 rapier
 m - a +2 short sword of holy wrath (weapon)
Armour
 b - a +0 scale mail (worn)
 c - a +0 buckler (worn)
 j - a +0 pair of boots (worn)
Jewellery
 k - a +4 ring of protection (left hand)
Scrolls
 e - a scroll of immolation {unknown}
 f - 3 scrolls of identify {unknown}
 g - 3 scrolls of magic mapping {unknown}
 h - a scroll of fog {unknown}
 l - a scroll of teleportation {unknown}
Potions
 d - a potion of might
 i - a potion of degeneration {unknown}


   Skills:
 + Level 4.5 Fighting
 + Level 3.2 Short Blades
 + Level 4.5 Armour
 + Level 2.0 Dodging
 + Level 4.4 Shields


You had 4 spell levels left.
You didn't know any spells.
Your spell library contained the following spells:

 Spells                   Type           Power      Damage    Failure   Level
 Vhi's Electric Charge    Tloc/Air       0%         N/A       99%         3
 Arcjolt                  Conj/Air       0%         1d10      100%        5
 Plasma Beam              Fire/Air       0%         2x1d11    100%        6


Dungeon Overview and Level Annotations

Branches:
Dungeon (3/15)

Altars:
Ru

Annotations:
D:2 1 runed translucent door, Crazy Yiuf


Innate Abilities, Weirdness & Mutations

You have a pair of horns on your head.
You reflexively headbutt those who attack you in melee.


Message History

The orc priest begins to cast a cantrip, but forgets the words!
You block the hobgoblin's attack.
You hit the hobgoblin.
The hobgoblin is heavily wounded.
The hobgoblin hits you but does no damage.
You hit the hobgoblin.
You kill the hobgoblin!
Found a club.
The orc priest invokes the aid of Beogh against you.
Beogh smites you!
You hit the orc priest. You headbutt the orc priest!
The orc priest is heavily wounded.
The orc priest closely misses you.
You barely miss the orc priest. You headbutt the orc priest.
The orc priest is almost dead.
You block the orc's attack.
The orc priest calls down the wrath of Beogh upon you.
Pain shoots through your body!
You are too injured to fight recklessly!
You are too injured to fight recklessly!
You are too injured to fight recklessly!
You hit the orc priest but do no damage.
The orc priest is almost dead.
The orc hits you but does no damage.
The orc priest calls down the wrath of Beogh upon you.
Beogh smites you!
* * * LOW HITPOINT WARNING * * *
You hit the orc priest.
The orc priest is almost dead.
The orc closely misses you.
The orc priest hits you with a +0 hand axe.
* * * LOW HITPOINT WARNING * * *
The orc priest attacks as you move away!
The orc priest hits you but does no damage.
Things that are here:
a +0 whip; 4 stones; a +0 ring mail The orc attacks as you move away!
The orc barely misses you.
The orc priest mumbles some strange prayers to Beogh against you.
Beogh smites you!
You die...

.... #..
#... #..
##... ####.#
...## #....#
....#
#....####..#
#....##....#
#....##)##.#
#<@o)#..# .#
#)....o## #
#..)...#
#......#
#......#
#......#
###....#
..##.#
#.###.#


You could see an orc priest and an orc.

Vanquished Creatures
  2 orc priests
  A gnoll (D:1)
  An adder (D:2)
  2 worms (D:2)
  2 dart slugs
  4 orcs
  10 bats
  3 endoplasms (D:1)
  3 giant cockroaches
  2 goblins (D:1)
  3 hobgoblins
  2 quokkas
  8 ball pythons
  2 frilled lizards (D:2)
  7 kobolds
  5 rats
57 creatures vanquished.

Vanquished Creatures (others)
  10 fungi (D:2)
10 creatures vanquished.

Grand Total: 67 creatures vanquished

Notes
Turn   | Place    | Note
-------+----------+-------------------------------------------
     0 | D:1      | Metae the Minotaur Fighter began the quest for the Orb.
     0 | D:1      | Reached XP level 1. HP: 19/19 MP: 0/0
   120 | D:1      | Reached XP level 2. HP: 27/27 MP: 1/1
   271 | D:1      | Reached skill level 1 in Dodging
   415 | D:1      | Reached XP level 3. HP: 33/33 MP: 2/2
   847 | D:2      | Found a runed translucent door.
   848 | D:2      | Noticed Crazy Yiuf
  1154 | D:2      | Found a sacrificial altar of Ru.
  1388 | D:2      | Reached XP level 4. HP: 34/40 MP: 3/3
  1936 | D:3      | Reached XP level 5. HP: 35/47 MP: 4/4
  1962 | D:3      | Killed from afar by an orc priest

Illustrated notes

Levels and vault maps discovered:
D:1:      kennysheep_arrival_forest, layout_basic
D:2:      layout_loops_ring, basic_altar, dreamdust_mushroom_princess,
          uniq_crazy_yiuf_cottage
D:3:      layout_rooms, shapermc_ecumenical_altar_gd, nicolae_titane

Skill      XL: |  1  2  3  4 |
---------------+-------------+-----
Dodging        | 1 2 |  2.0
Armour         | 4 |  4.5
Shields        | 4 |  4.4
Fighting       | 4 |  4.5
Short Blades   | 3 |  3.2

Action                     |  1- 3 |  4- 6 || total
---------------------------+-------+-------++-------
  Melee: Rapier            |   118 |    21 ||   139
         Headbutt          |    11 |     9 ||    20
         Short sword       |       |    16 ||    16
 Armour: Scale mail        |    45 |    19 ||    64
  Dodge: Dodged            |    50 |    21 ||    71
  Block: Buckler           |    26 |    11 ||    37
